 Dungeon Crawl Stone Soup version 0.21-a0-417-g0adc95b (webtiles) character file.

102 tof the Slasher (level 4, -1/40 HPs)
             Began as a Minotaur Monk on Nov 3, 2017.
             Slain by a crimson imp (2 damage)
             ... summoned by Natasha
             ... on level 2 of the Dungeon.
             The game lasted 00:01:22 (1171 turns).

tof the Slasher (Minotaur Monk)                     Turns: 1171, Time: 00:01:23

Health: -1/40      AC:  7    Str: 17    XL:     4   Next: 50%
Magic:  3/3        EV: 11    Int:  7    God:
Gold:   78         SH:  0    Dex: 12    Spells: 3/3 levels left

rFire    . . .     SeeInvis .   a - +0 falchion
rCold    . . .     Gourm    .   (no shield)
rNeg     . . .     Faith    .   l - +0 scale mail
rPois    .         Spirit   .   (helmet restricted)
rElec    .         Reflect  .   (no cloak)
rCorr    .         Harm     .   (no gloves)
MR       .....                  d - +0 pair of boots
Stlth    ..........             (no amulet)
HPRegen  0.13/turn              (no ring)
MPRegen  0.08/turn              (no ring)

@: no status effects
A: retaliatory headbutt, horns 2
a: no special abilities


You were on level 2 of the Dungeon.
You were hungry.

You visited 1 branch of the dungeon, and saw 2 of its levels.

You collected 78 gold pieces.

Inventory:

Hand Weapons
 a - a +0 falchion (weapon)
Armour
 d - a +0 pair of boots (worn)
 l - a +0 scale mail (worn)
Jewellery
 m - an uncursed amulet of magic regeneration {unknown}
Scrolls
 g - 2 scrolls of fear {unknown}
 i - a scroll of identify {unknown}
 j - a scroll of immolation {unknown}
Potions
 e - a potion of flight {unknown}
 f - a potion of lignification {unknown}
 k - a potion of brilliance {unknown}
Comestibles
 b - a meat ration
 c - a bread ration
 h - 2 royal jellies


   Skills:
 + Level 4.2 Fighting
 * Level 4.7 Long Blades
 + Level 1.2 Throwing
 + Level 1.9 Armour
 + Level 3.9 Dodging
 - Level 1.5 Stealth


You had 3 spell levels left.
You didn't know any spells.

Dungeon Overview and Level Annotations

Branches:
Dungeon (2/15)

Altars:

Annotations:
D:2 Natasha


Innate Abilities, Weirdness & Mutations

You reflexively headbutt those who attack you in melee.
You have a pair of horns on your head.


Message History

The shadow imp gestures at you.
You barely resist. Natasha casts a spell at you. The magic dart hits you!
The crimson imp hits you but does no damage.
You barely miss Natasha.
Natasha is moderately wounded.
The white imp barely misses you.
The shadow imp hits you but does no damage.
Natasha claws you. The crimson imp closely misses you.
You closely miss Natasha.
Natasha is moderately wounded.
The white imp hits you. The white imp freezes you.
* * * LOW HITPOINT WARNING * * *
The shadow imp hits you.
* * * LOW HITPOINT WARNING * * *
Natasha claws you.
* * * LOW HITPOINT WARNING * * *
The crimson imp hits you.
You die...

#. #..#
.#
#..#### .
......
#.#....
.#...#
....#
#.h.#
#####@5.#
#....55.#
#.####.##
#.# .#
#.# ..
#.# ##.
#.# . #
#.# #
#######
###.#


You could see Natasha, a crimson imp, a white imp and a shadow imp.

Vanquished Creatures
  A jelly (D:2)
  6 oozes
  2 dart slugs (D:1)
  A leopard gecko (D:1)
  3 giant cockroaches (D:1)
  4 hobgoblins (D:1)
  4 jackals (D:1)
  6 bats (D:1)
  3 goblins (D:1)
  10 kobolds
  2 rats (D:1)
42 creatures vanquished.

Vanquished Creatures (others)
  A fungus (D:2)
  9 toadstools (D:2)
10 creatures vanquished.

Grand Total: 52 creatures vanquished

Notes
Turn   | Place    | Note
-------+----------+-------------------------------------------
     0 | D:1      | tof the Minotaur Monk began the quest for the Orb.
     0 | D:1      | Reached XP level 1. HP: 19/19 MP: 0/0
   104 | D:1      | Reached XP level 2. HP: 22/27 MP: 1/1
   190 | D:1      | Reached skill level 1 in Armour
   210 | D:1      | Reached XP level 3. HP: 23/33 MP: 2/2
   920 | D:2      | Reached skill level 1 in Throwing
   928 | D:2      | Reached XP level 4. HP: 11/40 MP: 3/3
  1161 | D:2      | Noticed Natasha
  1171 | D:2      | HP: 1/40 [Natasha (5)]
  1171 | D:2      | Slain by a crimson imp

Vault maps used:
D:1:      eino_arrival_druids_welcome
D:2:      cheibrodos_fertilizer, first_bread, grunt_decor_one_mirror,
          serial_bayou_pond_e, uniq_natasha, uniq_robin

Skill      XL: |  1  2  3 |
---------------+----------+-----
Long Blades    | 4 |  4.7
Armour         | 1 |  1.9
Fighting       | 4 |  4.2
Throwing       | 1 |  1.2
Dodging        | |  3.9
Stealth        | |  1.5

Action                   |  1- 3 |  4- 6 || total
-------------------------+-------+-------++-------
Melee: Falchion          |    77 |     9 ||    86
       Headbutt          |    13 |     3 ||    16
 Stab: Sleeping          |     1 |       ||     1
Armor: Robe              |    12 |       ||    12
       Scale mail        |    13 |     6 ||    19
Dodge: Dodged            |    57 |    10 ||    67
       Rpst.: Falchion   |     6 |     5 ||    11

Table legend:
 A = Spawn XP
 B = Non-spawn XP
 C = Spawn XP percentage of total XP
 D = Spawn monster count
 E = Non-spawn monster count
 F = Spawn count percentage of total count
 G = Total turns spent on level
                    A         B        C        D         E        F      G
               +---------+---------+-------+---------+---------+-------+---------
         Total |       0 |     147 |   0.0 |       0 |      42 |   0.0 |  1171
               +---------+---------+-------+---------+---------+-------+---------
           D:1 |       0 |      65 |   0.0 |       0 |      29 |   0.0 |  1076
           D:2 |       0 |      82 |   0.0 |       0 |      13 |   0.0 |    95
               +---------+---------+-------+---------+---------+-------+---------
